[Event "*** Titled Tuesday Blitz"]
[Site "Chess.com"]
[Date "2021.03.30"]
[Round "6"]
[White "nikitakhoroshev"]
[Black "erdni1993"]
[Result "1-0"]
[WhiteElo "2671"]
[BlackElo "2508"]
[TimeControl "180+1"]
[EndTime "11:07:04 PDT"]
[Termination "nikitakhoroshev won on time"]

1. d4 Nf6 2. c4 e6 3. Nc3 c5 4.
d5 exd5 5. cxd5 Bd6 6. g3 O-O 7. Bg2 Re8 8. Nf3 a6 9. a4 h6 10.
O-O Bc7 11. d6 Ba5 12. Nd2 Nc6 13. Nc4 Bb4 14. Bf4 Rb8 15. Nd5 b5 16. axb5 axb5 17. Ne7+ Nxe7 18. dxe7 Qxe7 19. Bxb8 bxc4 20. Bd6 Qe6 21. Ra8 Ne4 22. Bxe4 Qxe4 23. Rb8 Kh7 24.
f3 Qe3+ 25. Rf2 Ba6 26. Bf4 Qe6 27. Rxe8 Qxe8 28. Qd6 Bb5 29. e4 Qa8 30. Qd5 Qa1+ 31.
Kg2 c3 32. bxc3 Qxc3 33. Qxf7 Qf6 34. Qxf6 gxf6 35. Bd6 Bd3 36. Ra2 Kg6 37. Ra7 Bb5 38.
Rc7 Bc6 39. Kf2 Kf7 40. Ke3 Ke6 41. Bf8 Ba5 42. Rxc6+ dxc6 43. Bxc5 f5 44. exf5+ Kxf5 45. g4+ Kg6 46. Ke4 Bc7 47. h3 h5 48. f4 hxg4 49. hxg4 Kf7 50. f5 Bd8 51. Kf4 Bc7+ 52. Kg5 Bd8+ 53. Kh5 Be7 54. Be3 c5 55. g5 c4 56.
Bd4 Kg8 57. Kg6 Bb4 58. f6 1-0

[Event "*** Titled Tuesday Blitz"]
[Site "Chess.com"]
[Date "2021.03.30"]
[Round "6"]
[White "GM_Crest"]
[Black "Escanor89"]
[Result "0-1"]
[WhiteElo "2722"]
[BlackElo "2587"]
[TimeControl "180+1"]
[EndTime "11:07:05 PDT"]
[Termination "Escanor89 won on time"]

1. d4 Nf6 2. c4 g6 3. Nc3 Bg7 4. e4 d6 5. Nf3 O-O 6. Be2 Bg4 7. O-O Nfd7 8. Be3 c5 9. d5 Na6 10. Ng5 Bxe2 11. Qxe2 Nc7 12. a4 a6 13. a5 Rb8 14. f4 b5 15. axb6 Rxb6 16. Ra2 Rb4 17. Nb1 Qb8 18. Bc1 Nb6 19. Nd2 Na4 20. e5 Nxb2 21. h4 Na4 22. Rf3 Ne8 23. Rfa3 Nb6 24. Ngf3 Nc7 25. h5 Rd8 26. Rc2 e6 27. exd6 Rxd6 28.
Ne4 Rd8 29. d6 Ne8 30. Nxc5 Qxd6 31. Nd3 Rxc4 32. Rxa6 Rxc2 33. Qxc2 Qxd3 34. Qxd3 Rxd3 35. Rxb6 Rd1+ 36. Kh2 Rxc1 37. Rb8 Kf8 38. Ng5 gxh5 39. Nxh7+ Ke7 40. Ng5 Rc7 41. Ne4 Nd6 42. Ng3 h4 43.
Nh5 Bd4 44. Rb4 Nf5 45. Kh3 Bf2 46. Kg4 Bc5 47. Ra4 Bd6 48. Ra8 Rc2 49. Ra7+ Ke8 50. Ra8+ Ke7 51. Ra7+ Rc7 52. Ra8 Bc5 0-1

[Event "*** Titled Tuesday Blitz"]
[Site "Chess.com"]
[Date "2021.03.30"]
[Round "6"]
[White "Slovak_fighter2000"]
[Black "BursaBBSatranc"]
[Result "0-1"]
[WhiteElo "2483"]
[BlackElo "2615"]
[TimeControl "180+1"]
[EndTime "11:07:05 PDT"]
[Termination "BursaBBSatranc won on time"]

1. Nf3 d5 2. d4 Nf6 3. c4 c6 4.
e3 Bf5 5. Nc3 e6 6. Qb3 Qb6 7. Nh4 Qxb3 8. axb3 Bc2 9. c5 Bxb3 10.
Nf3 Bc2 11. b4 Nbd7 12. b5 Be7 13. Bd2 O-O 14. Be2 Rfc8 15. O-O cxb5 16. Nxb5 a6 17. Na3 Bg6 18. Nh4 b6 19. Nxg6 hxg6 20. cxb6 Nxb6 21. Rfd1 Ne4 22. Be1 Nc3 23. Bxc3 Rxc3 24. Nb1 Rc2 25.
Rxa6 Rb8 26. Bd3 Rb2 27. Nd2 Nc8 28. Nf3 Bf6 29. Raa1 Nd6 30. Rab1 Nc4 31. Rxb2 Rxb2 32. Rb1 Ra2 33. Rc1 Nd6 34. g3 Nf5 35. Bxf5 gxf5 36. Kg2 g6 37. h4 Kg7 38. Rd1 Rb2 39. Rd2 Rb3 40. Ne1 g5 41. hxg5 Bxg5 42. Nd3 Be7 43.
Ne5 Bd6 44. Nf3 f6 45. Rc2 Kf7 46. Ra2 Rb7 47. Ne1 e5 48. Nf3 Ke6 49. Rc2 Rg7 0-1

[Event "*** Titled Tuesday Blitz"]
[Site "Chess.com"]
[Date "2021.03.30"]
[Round "6"]
[White "Abund"]
[Black "igorkovalenko"]
[Result "0-1"]
[WhiteElo "2737"]
[BlackElo "2953"]
[TimeControl "180+1"]
[EndTime "11:07:07 PDT"]
[Termination "igorkovalenko won by resignation"]

1. e4 d5 2. exd5 Qxd5 3. Nc3 Qd6 4. d4 g6 5. Nf3 Bg7 6. g3 Bg4 7.
Bg2 Nc6 8. O-O Nxd4 9. Ne4 Nxf3+ 10. Qxf3 Bxf3 11. Nxd6+ cxd6 12. Bxf3 O-O-O 13. Be3 Kb8 14. c4 Nf6 15. Rac1 Rd7 16. Rfd1 Rc8 17. b3 h5 18. h3 Rdc7 19. Kg2 Nd7 20. Bd5 e6 21. Bf3 Bf8 22.
Bf4 Ne5 23. Be2 Be7 24. h4 a5 25. Be3 Rc6 26. Bd2 b6 27. Be3 Ka7 28. Bd4 Nd7 29. Be3 Nc5 30. Bf3 R6c7 31. Bf4 Rd8 32. Rd2 f5 33. Rcd1 e5 34. Bxe5 dxe5 35. Rxd8 Bxd8 36.
Rxd8 e4 37. Be2 Rc6 38. Kf1 Kb7 39. Ke1 Kc7 40. Rd5 Na6 41. Rd2 Re6 42. a3 Nc5 43. b4 axb4 44. axb4 Nd3+ 45. Bxd3 exd3+ 46. Kf1 Re4 47. Rxd3 Rxc4 48. Rb3 b5 49. Ke2 Kd6 50. Rd3+ Ke5 51. Rb3 f4 52. Kf3 Kf5 53. Rb2 Rc3+ 54. Kg2 fxg3 55. fxg3 Kg4 56. Rd2 Rxg3+ 57. Kf2 Kxh4 58.
Rd5 Rg5 59. Rd4+ Rg4 60. Rxg4+ Kxg4 61. Ke3 h4 62. Kf2 h3 63. Kg1 Kg3 64. Kh1 g5 65. Kg1 g4 66. Kh1 Kf2 67. Kh2 g3+ 68. Kxh3 g2 69. Kh4 g1=Q 70. Kh5 Qg7 0-1

[Event "*** Titled Tuesday Blitz"]
[Site "Chess.com"]
[Date "2021.03.30"]
[Round "6"]
[White "Loy_Konstantin"]
[Black "Schwarzschidl"]
[Result "1-0"]
[WhiteElo "2339"]
[BlackElo "2473"]
[TimeControl "180+1"]
[EndTime "11:07:07 PDT"]
[Termination "Loy_Konstantin won by checkmate"]

1. e4 e5 2. Nf3 Nc6 3. d4 exd4 4. Nxd4 Bc5 5. Be3 Bb6 6. Nf5 Qf6 7. Nc3 Nge7 8. Bxb6 axb6 9. Ne3 O-O 10. Bc4 d6 11.
O-O Be6 12. Bd5 Bxd5 13. Nexd5 Nxd5 14. Nxd5 Qxb2 15. Nxc7 Rxa2 16. Rxa2 Qxa2 17. Qb1 Qc4 18. Re1 Nd4 19. Qxb6 Nxc2 20. Rc1 Qxe4 21. Qxd6 Nd4 22. Kh1 h6 23. Ra1 Nf5 24. Qxf8+ Kh7 25. Qxf7 Nh4 26.
Qd5 Qf4 27. g3 Qf6 28. Rd1 Nf3 29. Kg2 Ne5 30. Ne6 h5 31. h4 g6 32. Nf4 Ng4 33. Qxb7+ Kh6 34. Qf3 Ne5 35. Qe4 Ng4 36. Qxg6+ Qxg6 37. Nxg6 Kxg6 38. Rd4 Ne5 39. Ra4 Ng4 40. Ra5 Nf6 41.
Ra6 Kf5 42. Rxf6+ Kxf6 43. Kf3 Kf5 44. Kg2 Kg4 45. f3+ Kf5 46. Kf2 Ke5 47. Ke3 Kf5 48. Kd4 Kf6 49. Ke4 Ke6 50. Kf4 Kf6 51. g4 Kg6 52. g5 Kf7 53. Kf5 Kg7 54. Ke6 Kg6 55. f4 Kg7 56. f5 Kh7 57. f6 Kg6 58. f7 Kh7 59. f8=Q Kg6 60. Qf6+ Kh7 61. Qh6+ Kg8 62.
Qxh5 Kg7 63. Qg4 Kh8 64. Kf6 Kh7 65. Qh5+ Kg8 66. Qf7+ Kh8 67. Qg7# 1-0

[Event "*** Titled Tuesday Blitz"]
[Site "Chess.com"]
[Date "2021.03.30"]
[Round "6"]
[White "SanchezKelvin"]
[Black "Redbandit87"]
[Result "1/2-1/2"]
[WhiteElo "2603"]
[BlackElo "2372"]
[TimeControl "180+1"]
[EndTime "11:07:07 PDT"]
[Termination "Game drawn - insufficient material"]

1. d4 d5 2. Nf3 Nf6 3. c4 e6 4.
Nc3 dxc4 5. Bg5 Bb4 6. e4 c5 7. Bxc4 cxd4 8. Bxf6 gxf6 9. Qxd4 Qxd4 10. Nxd4 Bxc3+ 11. bxc3 a6 12. a4 Nd7 13. f3 Nc5 14.
Nb3 Nxb3 15. Bxb3 Bd7 16. Kf2 Ke7 17. Rhc1 Rac8 18. Ke3 Rhg8 19. g3 Rc5 20. Bd1 Rgc8 21. Kd2 e5 22. Ra3 f5 23. exf5 Bxf5 24. Bc2 Bxc2 25.
Rxc2 Rc4 26. Rb2 R8c7 27. Rab3 Rd7+ 28. Kc2 Rxa4 29. Rxb7 Ra1 30. Rxd7+ Kxd7 31. Rb7+ Ke6 32. Rb6+ Kd5 33. Rh6 f5 34. Rxh7 e4 35. fxe4+ fxe4 36.
Rd7+ Ke5 37. Re7+ Kd5 38. h4 Rg1 39. Rg7 a5 40. h5 a4 41. h6 Rg2+ 42. Kb1 Rh2 43. Rg6 Kc4 44. g4 e3 45. Re6 Kd3 46. Rd6+ Kxc3 47. Rc6+ Kd2 48. Rd6+ Kc3 49. Rc6+ Kd4 50.
Re6 a3 51. g5 a2+ 52. Ka1 Kd3 53. Rd6+ Ke4 54. Re6+ Kf4 55. Re7 Kxg5 56. Rxe3 Kxh6 57. Ra3 Kg5 58. Rxa2 Rxa2+ 59. Kxa2 1/2-1/2

[Event "*** Titled Tuesday Blitz"]
[Site "Chess.com"]
[Date "2021.03.30"]
[Round "6"]
[White "davigator"]
[Black "VladaSviridova"]
[Result "1-0"]
[WhiteElo "2432"]
[BlackElo "2246"]
[TimeControl "180+1"]
[EndTime "11:07:07 PDT"]
[Termination "davigator won on time"]

1. e4 e6 2. d4 d5 3. Nc3 Bb4 4. e5 c5 5. a3 Bxc3+ 6. bxc3 Ne7 7. Qg4 O-O 8. Bd3 Nbc6 9. Nf3 f5 10. Qh4 c4 11.
Be2 Qa5 12. Bd2 Qa4 13. Bd1 Bd7 14. O-O f4 15. Qg4 Qa5 16. h4 Rf5 17. a4 Raf8 18. Be2 h6 19. Rfb1 Qc7 20. Bc1 R8f7 21. Ba3 b6 22. Bd6 Qd8 23. Bb4 a5 24. Bd6 Nc8 25. Ba3 Kh7 26. Ra2 Be8 27. Rab2 N6e7 28. Bxe7 Qxe7 29.
Ra2 Qc7 30. Qh3 Rf8 31. Nh2 Bd7 32. Bg4 R5f7 33. Bxe6 Bxe6 34. Qxe6 Qd8 35. Nf3 Qe7 36. Qxd5 Rf5 37. Qe4 Kh8 38. Rb5 Qd7 39. Rab2 Qe6 40. d5 Qg6 41. Kf1 Qg4 42. Qxc4 Rh5 43. Rb1 Rhf5 44. d6 Nxd6 45. exd6 Rxb5 46. Rxb5 Rd8 47. Rd5 Qe6 48. Qd4 Rd7 49. Ne5 Rd8 50. d7 Qf5 51. Qd3 Qe6 52. Ng6+ Kg8 53. Rd6 Qf7 54. Ne5 1-0

[Event "*** Titled Tuesday Blitz"]
[Site "Chess.com"]
[Date "2021.03.30"]
[Round "6"]
[White "mr_gustavo"]
[Black "StockholmMissile"]
[Result "0-1"]
[WhiteElo "2398"]
[BlackElo "2568"]
[TimeControl "180+1"]
[EndTime "11:07:08 PDT"]
[Termination "StockholmMissile won on time"]

1. e4 e5 2. Nf3 Nc6 3. Bb5 a6 4. Ba4 Nf6 5. O-O Be7 6. Re1 b5 7. Bb3 d6 8. c3 O-O 9. h3 Nb8 10. a4 Bb7 11. d3 Nbd7 12. Nbd2 Nc5 13. Bc2 bxa4 14. d4 Nb3 15. Bxb3 axb3 16. Qxb3 Rb8 17. Qc2 Nd7 18. d5 g6 19. Nb3 f5 20. c4 f4 21. Na5 Ba8 22. Bd2 g5 23. Nh2 Rf7 24. b4 h5 25. f3 Rg7 26. Nc6 Bxc6 27. dxc6 Nf6 28. Rxa6 g4 29. fxg4 hxg4 30. hxg4 Nxg4 31. Nxg4 Rxg4 32. Ra3 Bh4 33. Rea1 Bg3 34. Qd1 Qh4 35. Qf3 Kh7 36. Ra8 Rxa8 37. Rxa8 Rg7 38. b5 Qh2+ 39. Kf1 Qh1+ 40. Ke2 Qh2 41. Kf1 Qh1+ 42. Ke2 Qh2 43. Ra7 Kh6 44. b6 Bh4 45. Be1 Rxg2+ 46. Kd1 Bxe1 47.
bxc7 Rd2+ 48. Kxe1 Rc2 49. c8=Q Qd2+ 50. Kf1 Rc1+ 0-1

[Event "*** Titled Tuesday Blitz"]
[Site "Chess.com"]
[Date "2021.03.30"]
[Round "6"]
[White "Khnykin_Nikolay"]
[Black "Ze-Pequeno"]
[Result "0-1"]
[WhiteElo "2024"]
[BlackElo "2201"]
[TimeControl "180+1"]
[EndTime "11:07:09 PDT"]
[Termination "Ze-Pequeno won by checkmate"]

1. e4 e5 2. Nf3 Nc6 3. Bc4 Nf6 4. O-O Bc5 5. b4 Bxb4 6. c3 Be7 7. d4 d6 8. dxe5 Nxe5 9. Nxe5 dxe5 10. Qxd8+ Bxd8 11. Bg5 h6 12. Bxf6 Bxf6 13. Na3 c6 14. f4 O-O 15. fxe5 Bxe5 16. Rad1 Bg4 17. Rc1 Rad8 18. h3 Be6 19. Bxe6 fxe6 20. Rxf8+ Kxf8 21. Nc4 Bc7 22. e5 Ke7 23. Rb1 b5 24. Ne3 Bxe5 25. c4 Bd4 26. Kf2 a6 27. cxb5 cxb5 28. Rc1 Bb6 29. Rc6 Rd6 30. Rc8 Rd3 31. Ke2 Rxe3+ 32. Kd2 Ra3 33. Rc2 e5 34. Ke2 e4 35. Rd2 e3 36. Rc2 Kd6 37. g4 g5 38. Kf3 Kd5 39. Rc1 Rxa2 40.
Rd1+ Ke5 41. Rd7 Rf2+ 42. Kg3 Rf6 43. Re7+ Re6 44. Rb7 e2 45. Rxb6 Rxb6 46. Kf2 b4 47. Kxe2 b3 48. Kd2 b2 49. Kc2 b1=Q+ 50. Kc3 Rb3+ 51. Kd2 Qd3+ 52. Kc1 Qxh3 53. Kc2 a5 54. Kc1 Qxg4 55. Kc2 Qc4+ 56. Kd2 Qc3+ 57. Ke2 Qc2+ 58. Ke1 a4 59. Kf1 a3 60. Ke1 a2 61. Kf1 g4 62.
Ke1 h5 63. Kf1 h4 64. Ke1 g3 65. Kf1 h3 66. Ke1 Kd4 67. Kf1 Kc3 68. Kg1 Kb2 69. Kf1 Kc1 70. Kg1 a1=B 71. Kf1 Bg7 72. Kg1 Bf8 73. Kf1 Rb2 74. Kg1 Kd1 75. Kh1 Rb1 76.
Kg1 Bc5+ 77. Kf1 Bg1 78. Kxg1 Qc5+ 79. Kf1 Qg1+ 80. Kxg1 Ke2# 0-1

[Event "*** Titled Tuesday Blitz"]
[Site "Chess.com"]
[Date "2021.03.30"]
[Round "6"]
[White "geordie_derraugh"]
[Black "ARMQUEEN"]
[Result "0-1"]
[WhiteElo "2458"]
[BlackElo "2317"]
[TimeControl "180+1"]
[EndTime "11:07:10 PDT"]
[Termination "ARMQUEEN won on time"]

1. e4 c5 2. Nf3 Nc6 3. c3 Nf6 4. e5 Nd5 5. d4 cxd4 6. cxd4 d6 7. exd6 Qxd6 8. Bd3 g6 9. O-O Bg7 10. Nc3 O-O 11.
Ne4 Qd8 12. Be3 Bg4 13. Be2 Rc8 14. h3 Bxf3 15. Bxf3 Ndb4 16. a3 Na6 17. d5 Ne5 18. Bxa7 Nxf3+ 19. Qxf3 b6 20. Qd3 Nc5 21. Nxc5 Rxc5 22.
Qb3 Qxd5 23. Qxb6 Rb5 24. Qe3 Bxb2 25. Rad1 Qb7 26. Bc5 Bf6 27. Rfe1 Rc8 28. Bxe7 Re5 29. Bxf6 Rxe3 30. Rxe3 Qc6 31. Ba1 h6 32. Red3 g5 33. Rd6 Qc2 34. Re1 Kh7 35. Rf6 Rc7 36. Be5 Qd2 37.
Re3 Re7 38. Bc3 Qd1+ 39. Kh2 Qd5 40. Rxe7 Qc5 41. Rexf7+ Kg8 42. Rf8+ Kg7 43. Rf5+ Qxc3 44. R8f7+ Kg6 45. R7f6+ Kg7 46. Re6 Qc7+ 47. g3 g4 48.
hxg4 Qa7 49. Rf3 Qb7 50. Ree3 Qa7 51. Kg2 Qb7 52. Rb3 Qc6 53. Rb4 Kg6 0-1

[Event "*** Titled Tuesday Blitz"]
[Site "Chess.com"]
[Date "2021.03.30"]
[Round "6"]
[White "dhaessel"]
[Black "rugbyclub"]
[Result "1-0"]
[WhiteElo "2031"]
[BlackElo "2253"]
[TimeControl "180+1"]
[EndTime "11:07:10 PDT"]
[Termination "dhaessel won on time"]

1. d4 Nf6 2. c4 g6 3. Nc3 Bg7 4. e4 d6 5. Be2 O-O 6. Nf3 e5 7. d5 a5 8. a3 Nbd7 9. Be3 Ng4 10. Bg5 f6 11. Bd2 Nc5 12. h3 Nh6 13. Be3 b6 14.
b4 axb4 15. axb4 Rxa1 16. Qxa1 Nd7 17. O-O f5 18. Ng5 Nf6 19. Ne6 Bxe6 20. dxe6 fxe4 21. Nd5 Nf5 22. Bg5 h6 23. Nxf6+ Bxf6 24. Bd2 Bg5 25.
Bc3 e3 26. g4 exf2+ 27. Rxf2 Be3 28. gxf5 Rxf5 29. Be1 Qg5+ 30. Kf1 Bxf2 31. Bxf2 Qg3 32. Qa8+ Kg7 33. Qg2 Qc3 34. Kg1 Qc1+ 35. Bf1 Qd2 36. e7 Kf7 37. Qd5+ Kxe7 38. Bh4+ g5 39. Bg3 Qxd5 40.
cxd5 e4 41. Bg2 Rxd5 42. Bxe4 Rd4 43. Bc2 Rxb4 44. Be1 Rb2 45. Bg6 Kd7 46. Bf5+ Kd8 47. Bc3 Ra2 48. Bf6+ Ke8 49. Be6 Ra3 50. Bg7 b5 51. Bxh6 b4 52. Bxg5 b3 53. Kg2 b2 54.
Bf5 Ra1 55. Bg6+ Kd7 56. h4 Kc6 57. Be4+ Kb6 58. Bc2 1-0

[Event "*** Titled Tuesday Blitz"]
[Site "Chess.com"]
[Date "2021.03.30"]
[Round "6"]
[White "rasmussvane"]
[Black "xurramid77"]
[Result "1-0"]
[WhiteElo "2898"]
[BlackElo "2651"]
[TimeControl "180+1"]
[EndTime "11:07:12 PDT"]
[Termination "rasmussvane won by checkmate"]

1. Nf3 Nf6 2. g3 g6 3. Bg2 Bg7 4. O-O O-O 5. d4 d6 6. Re1 Nc6 7. d5 Na5 8. e4 c5 9. e5 Ne8 10.
Nc3 a6 11. a4 Rb8 12. Qe2 dxe5 13. Nxe5 Nd6 14. Bf4 Re8 15. h4 h5 16. Rad1 Bf5 17.
Kh2 Rc8 18. b3 Qb6 19. Qe3 Qb4 20. Ne2 Bxc2 21. Rc1 Bxb3 22. Nd3 Nac4 23. Qf3 Qxa4 24. Nc3 Qd7 25. Bh3 Nf5 26. Ne4 b6 27. Ndxc5 Nd4 28. Qxb3 Qxh3+ 29. Kxh3 Nxb3 30. Nxb3 Red8 31. Red1 Nb2 32. Rxc8 Rxc8 33. Rd2 a5 34. Nd4 a4 35. Rxb2 Bxd4 36. Rb4 a3 37. Rxd4 b5 38. Rb4 a2 39. Be5 Rc4 40. Rxc4 bxc4 41. Kg2 f6 42. Bc3 f5 43. Nd2 Kf7 44. Nxc4 e6 45. d6 Ke8 46.
Ne5 Kd8 47. Kf3 Kc8 48. Kf4 a1=Q 49. Bxa1 g5+ 50. Kxg5 f4 51. gxf4 Kd8 52. Kxh5 Ke8 53. Kg6 Kf8 54. Bd4 Ke8 55. h5 Kf8 56. h6 Kg8 57. h7+ Kh8 58. Nf7# 1-0

[Event "*** Titled Tuesday Blitz"]
[Site "Chess.com"]
[Date "2021.03.30"]
[Round "6"]
[White "profofchess"]
[Black "picturesquecheck"]
[Result "1-0"]
[WhiteElo "2452"]
[BlackElo "2263"]
[TimeControl "180+1"]
[EndTime "11:07:12 PDT"]
[Termination "profofchess won by checkmate"]

1. e4 c5 2. Nf3 Nc6 3. Bb5 d6 4. Bxc6+ bxc6 5. e5 g6 6. O-O Bg7 7. Re1 d5 8. h3 c4 9. b3 cxb3 10. axb3 h5 11. Nc3 Bf5 12. Nd4 Bd7 13. Na4 e6 14. Nc5 Ne7 15. Nb7 Qc7 16. Nd6+ Kf8 17. Qf3 Nf5 18.
N4xf5 exf5 19. d4 Be6 20. Ba3 Kg8 21. Bc5 Kh7 22. Ra6 Bc8 23. Nxc8 Rhxc8 24. Rea1 Qd7 25. Rxa7 Rxa7 26. Rxa7 Rc7 27. Ra8 Rc8 28. Ra7 Rc7 29.
Ra4 Rb7 30. Qe2 Rb5 31. Ra7 Rb7 32. Ra8 Rb5 33. b4 Rb7 34. Qe1 Qe6 35. Qa1 f6 36.
exf6 Bxf6 37. Ra7 Qd7 38. Rxb7 Qxb7 39. Qe1 Qd7 40. Qe2 Kg7 41. c4 Kf7 42. b5 dxc4 43.
bxc6 Qxc6 44. Qxc4+ Kg7 45. d5 Qd7 46. d6 Be5 47.
Qd5 Kf6 48. g3 Qe6 49. Qd3 h4 50. d7 Bc7 51. d8=Q+ Bxd8 52. Qxd8+ Kf7 53. Qxh4 Qe1+ 54. Kg2 Qc1 55. Qd4 Qb1 56. Qd5+ Kf6 57. Bd4+ Kg5 58.
Qd8+ Kh5 59. Qh8+ Kg5 60. Qh4# 1-0

[Event "*** Titled Tuesday Blitz"]
[Site "Chess.com"]
[Date "2021.03.30"]
[Round "6"]
[White "wadsy27"]
[Black "jaskol95"]
[Result "1-0"]
[WhiteElo "2571"]
[BlackElo "2415"]
[TimeControl "180+1"]
[EndTime "11:07:13 PDT"]
[Termination "wadsy27 won by checkmate"]

1. c4 e5 2. g3 Nc6 3. Bg2 f5 4. Nc3 Nf6 5. d3 Bb4 6. Bd2 Bxc3 7. Bxc3 d6 8. b4 O-O 9. b5 Ne7 10. e3 Kh8 11. Ne2 c6 12. bxc6 bxc6 13. O-O Qe8 14.
f4 Ng4 15. Qd2 e4 16. dxe4 fxe4 17. h3 Nf6 18. Qxd6 Nf5 19. Qc5 Be6 20. Nd4 Nxg3 21. Nxe6 Qxe6 22. Rf2 Rfd8 23. f5 Qf7 24. Qe5 Nfh5 25. f6 gxf6 26. Rxf6 Qxf6 27. Qxf6+ Nxf6 28. Bxf6+ Kg8 29. Bxd8 Rxd8 30. Kh2 Nf5 31. Bxe4 Nxe3 32. Bxc6 Nxc4 33. Rg1+ Kf7 34. Rg2 Ne5 35. Be4 h6 36. Rf2+ Ke6 37. Kg3 Rg8+ 38. Kh4 Rg5 39. Rb2 Nd7 40.
Rb3 Nc5 41. Rb4 Ke5 42. Bf3 Nd3 43. Ra4 Kf5 44. Be4+ Ke5 45. Bxd3 Rg7 46. Ra5+ Kd4 47.
Bf5 Kc4 48. Bg4 Kb4 49. Ra6 Rc7 50. Rxh6 a5 51. Kg5 a4 52. Ra6 Ka3 53. h4 Rc5+ 54. Bf5 Rc4 55. h5 Kxa2 56. Be6 Ka3 57.
Bxc4 Kb4 58. h6 Ka3 59. Rxa4+ Kb2 60. h7 Kb1 61. h8=Q Kc2 62. Ra2+ Kb1 63. Qa1# 1-0

[Event "*** Titled Tuesday Blitz"]
[Site "Chess.com"]
[Date "2021.03.30"]
[Round "6"]
[White "GMJustin"]
[Black "AlexSuv"]
[Result "0-1"]
[WhiteElo "2290"]
[BlackElo "2546"]
[TimeControl "180+1"]
[EndTime "11:07:13 PDT"]
[Termination "AlexSuv won on time"]

1. d4 Nf6 2. c4 e6 3. Nf3 d5 4.
Nc3 Bb4 5. Bg5 h6 6. Bxf6 Qxf6 7. Qa4+ Nc6 8. e3 O-O 9. Rc1 Bd7 10. Qc2 dxc4 11.
Bxc4 a6 12. O-O Rac8 13. Ne4 Qe7 14. a3 Bd6 15. b4 e5 16. dxe5 Nxe5 17. Nxe5 Bxe5 18.
Nc5 Bc6 19. f4 Bd6 20. Rce1 Rfe8 21. Qf5 Bxc5 22. bxc5 Be4 23. Qe5 Qf8 24. Qc3 Rcd8 25. f5 Kh7 26. Kh1 f6 27. Be6 Bd5 28. e4 Bxe6 29.
fxe6 Rxe6 30. e5 Rde8 31. exf6 Rxe1 32. Rxe1 Rxe1+ 33. Qxe1 Qxf6 34. Qe4+ Kh8 35. h3 c6 36. Kh2 Qf7 37. Qb4 Qc7+ 38. g3 Kg8 39. h4 Qe7 40. Qc4+ Kf8 41. Qd4 Qe2+ 42. Kh3 Qe6+ 43. Kh2 Kf7 44. Qf4+ Kg6 45. Qc7 Qb3 46. Qd6+ Kf5 47.
Qd7+ Kg6 48. Qe8+ Qf7 49. Qe4+ Qf5 50. Qe7 a5 51. Qxb7 Qxc5 52. Qd7 Qc2+ 53. Kh3 Qf5+ 54. Qxf5+ Kxf5 0-1

[Event "*** Titled Tuesday Blitz"]
[Site "Chess.com"]
[Date "2021.03.30"]
[Round "6"]
[White "kflorian98"]
[Black "Mops_2004"]
[Result "0-1"]
[WhiteElo "2671"]
[BlackElo "2528"]
[TimeControl "180+1"]
[EndTime "11:07:19 PDT"]
[Termination "Mops_2004 won by resignation"]

1. c4 g6 2. Nc3 Bg7 3. d4 Nf6 4. Nf3 O-O 5. e4 d6 6. Be2 e5 7. O-O Nc6 8. d5 Ne7 9. Bg5 h6 10. Bxf6 Bxf6 11. b4 Bg7 12. Nd2 f5 13. c5 Kh8 14. Nc4 a6 15. a4 Ng8 16. a5 Nf6 17.
cxd6 cxd6 18. Nb6 Rb8 19. Bd3 f4 20. Rc1 Bd7 21. Nxd7 Nxd7 22. Qa4 f3 23. g3 h5 24.
Rfe1 h4 25. Rc2 hxg3 26. fxg3 Nf6 27. Nd1 Ng4 28. Nf2 Nxf2 29. Kxf2 g5 30. Rec1 Rf7 31. h3 g4 32. h4 Bh6 33. Rb1 Rc8 34. b5 axb5 35. Rxb5 Rxc2+ 36. Qxc2 Rc7 37. Qb2 Qa8 38. Kg1 Qa7+ 39. Kh2 Qe3 40. Bf1 Rc1 41. Rb3 Qe1 42. Rxb7 Qd2+ 43. Qxd2 Bxd2 44. Rb8+ Kg7 45. Rb7+ Kg6 46. Rb2 Be3 47. Rb3 Bd2 48. Rd3 Bxa5 49.
Ra3 Bb6 50. Rb3 Bc5 51. Rxf3 gxf3 52. Kh3 Kh5 53. g4+ Kg6 54. Kg3 Kf6 55. g5+ Kf7 56.
Kg4 Rxf1 57. Kf5 Rg1 58. g6+ Rxg6 59. h5 Rf6+ 60. Kg5 f2 61. h6 f1=Q 62. h7 Qf4+ 0-1

[Event "*** Titled Tuesday Blitz"]
[Site "Chess.com"]
[Date "2021.03.30"]
[Round "6"]
[White "ErikRonka"]
[Black "arminmusovic"]
[Result "1/2-1/2"]
[WhiteElo "2409"]
[BlackElo "2561"]
[TimeControl "180+1"]
[EndTime "11:07:19 PDT"]
[Termination "Game drawn by repetition"]

1. e4 c6 2. Nf3 d5 3. Nc3 dxe4 4.
Nxe4 Nf6 5. Qe2 Nxe4 6. Qxe4 Qd5 7. Qf4 Qf5 8. Qxf5 Bxf5 9. d3 h6 10. g3 Nd7 11. Bg2 e5 12. O-O O-O-O 13. Re1 f6 14. Bd2 Bc5 15. b4 Bb6 16. a4 Bc7 17. b5 cxb5 18. axb5 Bb6 19. Nh4 Bh7 20. Bh3 g6 21. Be3 Bxe3 22. fxe3 Kb8 23. e4 Nb6 24. Rf1 Rd6 25. Ng2 Rf8 26. Ne3 Bg8 27. Rf2 Be6 28. Bf1 h5 29. Be2 Nd7 30. Kg2 Rc8 31. h3 a5 32. Rxa5 b6 33. Ra1 Kb7 34. g4 h4 35.
Raf1 Ra8 36. Kf3 Ra3 37. Ng2 g5 38. Ne3 Rc3 39. Rc1 Nc5 40. Nd1 Nxd3 41. Nxc3 Nxc1 42. Ke3 Nxe2 43. Nxe2 Bc4 44. Nc3 Kc7 45. Nd5+ Bxd5 46.
exd5 Rxd5 47. Rxf6 Rxb5 48. Rf5 Rc5 49. Rxg5 Rxc2 50.
Rf5 Rc3+ 51. Ke4 Rxh3 52. Rxe5 Rg3 53. Kf4 Rg1 54. Rh5 Rh1 55. g5 b5 56. g6 Rf1+ 57.
Ke5 Rg1 58. Kf6 b4 59. Rxh4 Rf1+ 60. Kg7 b3 61. Rb4 Rf3 62. Kg8 Kd7 63. g7 Ke7 64.
Rb7+ Ke6 65. Rb6+ Ke7 66. Rb7+ Ke6 67. Rb6+ Ke7 68. Rb7+ 1/2-1/2

[Event "*** Titled Tuesday Blitz"]
[Site "Chess.com"]
[Date "2021.03.30"]
[Round "6"]
[White "Susal_De_Silva"]
[Black "PavelChernomordik"]
[Result "0-1"]
[WhiteElo "2652"]
[BlackElo "2386"]
[TimeControl "180+1"]
[EndTime "11:07:19 PDT"]
[Termination "PavelChernomordik won by resignation"]

1. Nf3 g6 2. c4 Bg7 3. Nc3 e5 4. d3 Nc6 5. g3 d6 6. Bg2 h6 7.
O-O Be6 8. Rb1 Qd7 9. b4 Bh3 10.
b5 Nd8 11. a4 Bxg2 12. Kxg2 Ne7 13. Bb2 Ne6 14. Nd5 O-O 15. Ba3 f5 16. Qb3 Kh7 17.
Rbc1 c6 18. Nxe7 Qxe7 19. e3 c5 20. Rce1 b6 21. Bb2 Qb7 22. h4 Rad8 23. e4 Nd4 24. Nxd4 cxd4 25. f3 Qe7 26. Rh1 Qf6 27. Ref1 Qe6 28.
Bc1 fxe4 29. fxe4 Qg4 30. Qc2 Rf6 31. Rxf6 Bxf6 32. Rf1 Bxh4 33. Qf2 Rg8 34. Kh2 Bg5 35. Ba3 Be7 36. Bb4 Rf8 37. Qg2 Rxf1 38. Qxf1 Kg7 39.
a5 h5 40. axb6 axb6 41. Be1 Bg5 42. Bf2 Qf3 43. Kg1 Be3 44. Bxe3 Qxg3+ 45. Kh1 dxe3 46. Qe2 Qf2 47. Qxf2 exf2 48. Kg2 Kf6 49. Kxf2 Kg5 50. Kf3 h4 51. d4 exd4 52. e5 Kf5 53. exd6 Ke6 54.
c5 bxc5 55. d7 Kxd7 0-1

[Event "*** Titled Tuesday Blitz"]
[Site "Chess.com"]
[Date "2021.03.30"]
[Round "6"]
[White "DrVitman"]
[Black "Zkid"]
[Result "0-1"]
[WhiteElo "2618"]
[BlackElo "2840"]
[TimeControl "180+1"]
[EndTime "11:07:21 PDT"]
[Termination "Zkid won on time"]

1. e4 c5 2. Nc3 Nc6 3. Bb5 g6 4. Bxc6 bxc6 5. d3 Bg7 6. Nge2 Nf6 7. O-O O-O 8. Be3 d6 9. Qd2 Re8 10. Bh6 Bh8 11. h3 Rb8 12. b3 d5 13. Rad1 dxe4 14.
Nxe4 Nxe4 15. dxe4 Qxd2 16. Rxd2 c4 17. Rfd1 c3 18. Rd8 Ba6 19. Rxe8+ Rxe8 20. Nc1 Bc8 21. Be3 a6 22. f3 f5 23. Kf2 a5 24. Bb6 fxe4 25.
fxe4 Rf8+ 26. Ke1 Ba6 27. Rd8 a4 28. bxa4 Rxd8 29. Bxd8 Kf7 30. Nb3 Be5 31. Kf2 Ke8 32. Bb6 Bc4 33. a5 Kd7 34. Ke3 Kc8 35. Bd4 Bc7 36. Bxc3 Kb7 37. Nc5+ Ka7 38. a4 Bd6 39. Nd3 Ka6 40. Bd2 Bb8 41. Nc5+ Ka7 42. Kd4 Bf1 43. h4 Bxg2 44. Bg5 e5+ 45. Kc3 Bd6 46. Nd3 Bxe4 47. Bf6 Bxd3 48. cxd3 Ka6 49. Bd8 h6 50. Kc4 Ba3 51. Bb6 g5 52. hxg5 hxg5 53. Bc7 Bb2 54. Kc5 g4 55. Kxc6 g3 56. Bb6 Bd4 57. Bxd4 exd4 58.
Kd5 g2 0-1

[Event "*** Titled Tuesday Blitz"]
[Site "Chess.com"]
[Date "2021.03.30"]
[Round "6"]
[White "sorrm8thatscheckm8"]
[Black "Gentlejimmy7"]
[Result "1/2-1/2"]
[WhiteElo "2617"]
[BlackElo "2499"]
[TimeControl "180+1"]
[EndTime "11:07:23 PDT"]
[Termination "Game drawn - insufficient material"]

1. d4 Nf6 2. c4 g6 3. Nf3 Bg7 4. Nc3 d5 5. cxd5 Nxd5 6. e3 O-O 7. Bd3 c5 8. h4 cxd4 9. Nxd4 Nc6 10. Nce2 Nxd4 11. Nxd4 Nb4 12. Bb1 e5 13. Ne2 Qxd1+ 14. Kxd1 Bg4 15. f3 Rfd8+ 16. Ke1 Be6 17. Nc3 Nd3+ 18.
Bxd3 Rxd3 19. h5 Bf8 20. hxg6 hxg6 21. Bd2 Bc5 22. Ne4 Bb6 23. Nf2 Rd7 24. Bc3 f6 25.
Ne4 Kg7 26. g4 Rd3 27. g5 Rxe3+ 28. Kf1 Rxf3+ 29. Kg2 Bd5 30. Kxf3 f5 31. Bxe5+ Kf7 32. Rh7+ Ke6 33. Kf4 fxe4 34. Rd1 e3 35. Rg7 Rf8+ 36.
Bf6 Rxf6+ 37. gxf6 Kxf6 38. Rxd5 Kxg7 39. Rd7+ Kf6 40.
Kf3 g5 41. Rxb7 g4+ 42. Ke2 g3 43. Rb8 Ke5 44. Rf8 Ke4 45. Rf3 Bd4 46. b3 Be5 47.
Rxe3+ Kd4 48. Rd3+ Kc5 49. Kf3 Kb4 50. a4 a5 51. Kg2 Bc3 52. Kxg3 Kxb3 53. Kf3 Kc2 54. Ke4 Kb3 55. Kd5 Kb4 56. Ke4 Kc4 57. Rf3 Kb4 58. Kd3 Kb3 59. Rf4 Bb4 60. Re4 Kxa4 61. Kc4 Ka3 62.
Re1 Kb2 63. Re2+ Kc1 64. Kb5 Bd2 65. Re4 Kc2 66. Ra4 Bb4 67. Kc4 Kb2 68. Rxb4+ axb4 69. Kxb4 1/2-1/2